 Dungeon Crawl Stone Soup version 0.27-a0-1312-g5cdb2b3542 (webtiles) character file.

Game seed: 17034650639833224815

4 MacCMillion the Stinger (level 1, 10/14 HPs)
             Began as a Draconian Venom Mage on June 20, 2021.
             Quit the game on level 1 of the Dungeon.
             The game lasted 00:02:10 (323 turns).

MacCMillion the Stinger (Draconian Venom Mage)       Turns: 323, Time: 00:02:11

Health: 10/14      AC:  4    Str: 10    XL:     1   Next: 58%
Magic:  1/3        EV: 12    Int: 15    God:
Gold:   17         SH:  0    Dex: 11    Spells: 3/4 levels left

rFire    . . .     SeeInvis .   (no weapon)
rCold    . . .     Faith    .   (no shield)
rNeg     . . .     Spirit   .   (armour unavailable)
rPois    .         Reflect  .   (helmet restricted)
rElec    .         Harm     .   (no cloak)
rCorr    .         Rampage  .   (no gloves)
Will     .....                  (no boots)
Stlth    ++........             (no amulet)
HPRegen  0.04/turn              (no ring)
MPRegen  0.08/turn              (no ring)

@: no status effects
A: AC +4, unfitting armour, cold-blooded
a: no special abilities


You were on level 1 of the Dungeon.
You visited 1 branch of the dungeon, and saw 1 of its levels.

You collected 17 gold pieces.

Inventory:

Potions
 a - a potion of lignification {unknown}


   Skills:
 + Level 1.8 Dodging
 + Level 1.8 Stealth
 + Level 2.0 Spellcasting
 + Level 1.0 Transmutations
 + Level 3.1 Poison Magic


You had 3 spell levels left.
You knew the following spells:

 Your Spells              Type           Power      Damage    Failure   Level
a - Sting                 Tmut/Pois      28%        1d4       10%         1

Your spell library contained the following spells:

 Spells                   Type           Power      Damage    Failure   Level
 Poisonous Vapours        Pois/Air       12%        N/A       17%         2
 Ignite Poison            Fire/Tmut/Pois 5%         N/A       36%         3
 Mephitic Cloud           Conj/Pois/Air  4%         N/A       41%         3
 Olgreb's Toxic Radiance  Pois           11%        N/A       52%         4


Dungeon Overview and Level Annotations

Branches:
Dungeon (1/15)

Altars:


Innate Abilities, Weirdness & Mutations

Your plain brown scales are hard. (AC +4)
You cannot fit into any form of body armour.
You are cold-blooded and may be slowed by cold attacks.


Message History

You start resting.
Magic restored.
You start waiting.
Done waiting.
Press: ? - help, . - travel, g - get item You can't see that place. [Stash: an inky potion] [the floor.] Sorry, I don't know how to get there.
a - an inky potion A bat comes into view.
You can't see any susceptible monsters within range! (Use Z to cast anyway.)
The sting hits the bat.
The bat is poisoned.
The bat is moderately wounded.
The bat misses you. The bat barely misses you.
You kill the bat!
Magic restored.
A rat, a quokka and a hobgoblin come into view.
The hobgoblin shouts!
You hear an angry hiss.
A rat comes into view.
Okay, then.
The sting misses the quokka.
The quokka barely misses you.
The quokka bites you but does no damage.
The sting misses the quokka.
The quokka barely misses you.
You hit the quokka but do no damage. The quokka closely misses you.
The sting misses the quokka.
The quokka barely misses you.
The quokka bites you but does no damage.
The quokka misses you.
The quokka bites you but does no damage.
The sting hits the quokka.
The quokka is poisoned.
The quokka is lightly wounded.
The quokka bites you.
The quokka bites you but does no damage.
The quokka looks more healthy.
The quokka barely misses you.
Unknown command.
Unknown command.
Are you sure you want to abandon this character and quit the game? (Confirm with "yes".)

..##.##.#.#########
........#.........r
#...............
#...###.##############
##. #r.
##.##..##..##...##...
...
#.#..#..###.#..#..#
#.r
#.##.≈##..g###..≈.# ##
###.##g####.##...###.
###.#@r#.g.#.#.≈##....
#.#.######..#.#...####
#.#.#....####.#.##.##
##.##....###.####≈#.#
####§§##.#..≈#.#≈#.#
#.§#.#.###.#.#.##
..≈.§§##.####≈.#####.#
.≈>.§† #.#.....#..#..#
...§≈. #..≈.#.#.#...<#


You could see a quokka and a hobgoblin.

Vanquished Creatures
  A worm (D:1)
  A bat (D:1)
2 creatures vanquished.

Notes
Turn   | Place    | Note
-------+----------+-------------------------------------------
     0 | D:1      | MacCMillion the Draconian Venom Mage began the quest for
                  | the Orb.
     0 | D:1      | Reached XP level 1. HP: 14/14 MP: 3/3
   323 | D:1      | Quit the game

Illustrated notes

Levels and vault maps discovered:
D:1:      dpeg_arrival_brainrot, layout_basic, serial_forest,
          infiniplex_forest_clump_small, infiniplex_forest_end_3,
          infiniplex_forest_lined_2, infiniplex_forest_lined_room_2,
          infiniplex_forest_corner_1, infiniplex_forest_clump_double,
          serial_shops, shop

Action                   || total
-------------------------++-------
Melee: Unarmed           ||     1
 Cast: Sting             ||     9
Armor: Skin              ||     4
Dodge: Dodged            ||     8

Table legend: (Time is in decaauts)
 A = Elapsed time spent in this place.
 B = Non-inter-level travel time spent in this place.
 C = Inter-level travel time spent in this place.
 D = Time resting spent in this place.
 E = Time spent auto-exploring this place.
 F = Levels seen in this place.
 G = Mean time per level.
                   A        B        C        D        E       F      G
               +--------+--------+--------+--------+--------+-----+--------+
         Total |    323 |    308 |     15 |    129 |     72 |   1 |  323.0 |
       Dungeon |    323 |    308 |     15 |    129 |     72 |   1 |  323.0 |
               +--------+--------+--------+--------+--------+-----+--------+

Top non-repeatable levels by time:
     D:1: 323 daAuts
